 Dungeon Crawl Stone Soup version 0.16.0-5-g717f7e7 (console) character file.

3194 gw the Conjurer (level 10, -9/74 HPs)
             Began as a Human Wizard on Mar 14, 2015.
             Was a Believer of Zin.
             Killed by the air
             ... invoked by Gastronok
              (20 damage)
             ... on level 8 of the Dungeon.
             The game lasted 00:11:54 (15137 turns).

gw the Conjurer (Human Wizard)                     Turns: 15137, Time: 00:11:54

Health: -9/74      AC:  8    Str:  9    XL:     10   Next: 16%
Magic:  24/24      EV: 12    Int: 20    God:    Zin [**....]
Gold:   314        SH:  0    Dex: 13    Spells: 1 memorised, 21 levels left

rFire  + . .     SeeInvis .     b - +2 dagger (venom)
rCold  . . .     Clarity  +     y - +0 leather armour {rF+}
rNeg   . . .     SustAb   .     (no shield)
rPois  ∞         Gourm    .     q - +1 hat
rElec  .         Spirit   .     (no cloak)
rCorr  .         Warding  .     (no gloves)
rMut   .         Stasis   .     i - +2 pair of boots
MR     .....                    B - amulet of clarity
Stlth  ++........               (no ring)
                                (no ring)

@: vitalised, slowed, very slow, not resistant to hostile enchantments,
unstealthy
A: dopey 1
a: Recite, Vitalisation, Renounce Religion


You were on level 8 of the Dungeon.
You worshipped Zin.
Zin was pleased with you.
You were not hungry.

You visited 1 branch of the dungeon, and saw 8 of its levels.

You collected 348 gold pieces.
You donated 34 gold pieces to Zin.

Inventory:

Hand weapons
 b - a +2 dagger of venom (weapon)
Missiles
 e - 258 stones
 k - 26 poisoned needles
 v - 7 needles of confusion
 A - 4 javelins (quivered)
Armour
 i - a +2 pair of boots (worn)
 q - a +1 hat (worn)
 y - a +0 leather armour of fire resistance (worn)
Jewellery
 B - an amulet of clarity (around neck)
Magical devices
 o - a wand of random effects (34) {forbidden}
 u - a wand of digging (12)
 w - a wand of enslavement (11)
Scrolls
 g - a scroll of recharging
 l - 7 scrolls of identify
 x - 2 scrolls of remove curse
Potions
 a - a potion of curing
 f - a potion of agility
 n - 2 potions of brilliance
 p - 2 potions of might
 t - 3 potions of flight
Books
 c - a book of Minor Magic

   Spells                             Type                      Level
   a - Magic Dart                     Conjuration                  1
   b - Blink                          Translocation                2
   c - Call Imp                       Summoning                    2
   d - Repel Missiles                 Charms/Air                   2
   e - Slow                           Hexes                        2
   f - Conjure Flame                  Conjuration/Fire             3
   g - Mephitic Cloud                 Conjuration/Poison/Air       3
 s - a book of Callings

   Spells                             Type                      Level
   a - Summon Small Mammal            Summoning                    1
   b - Call Imp                       Summoning                    2
   c - Call Canine Familiar           Summoning                    3
   d - Summon Guardian Golem          Hexes/Summoning              4
   e - Summon Lightning Spire         Summoning/Air                4
   f - Summon Ice Beast               Ice/Summoning                4
Comestibles
 d - 6 bread rations
 h - 5 meat rations
 j - 3 beef jerkies
 r - 8 fruits


   Skills:
 + Level 5.1 Fighting
 + Level 5.4 Short Blades
 + Level 5.8 Armour
 - Level 2.0 Dodging
 - Level 2.0 Stealth
 + Level 6.8 Spellcasting
 + Level 6.8 Conjurations
   Level 1.0 Summonings
   Level 1.0 Translocations


You had 21 spell levels left.
You knew the following spells:

 Your Spells              Type           Power        Failure   Level  Hunger
a - Magic Dart            Conj           ####         1%          1    None


Dungeon Overview and Level Annotations

Branches:
Dungeon (8/15)             Temple (0/1) D:6
   Lair: D:8-11

Altars:
Ashenzari
Fedhas
Makhleb
Trog
Vehumet
Zin

Annotations:
D:8 Gastronok


Innate Abilities, Weirdness & Mutations

You are dopey. (Int -2)


Message History

You feel somewhat less hungry. The rat bites you but does no damage.
Unknown command.
Unknown command.
Unknown command.
Unknown command.
Use which ability? (? or * to list) Zin grants you divine stamina.
You feel somewhat less hungry. The rat bites you.
Gastronok chants a spell, wobbling all the while.
Gastronok seems to move somewhat quicker.
The rat barely misses you.
Unknown command.
Unknown command.
Unknown command.
Unknown command.
Use which ability? (? or * to list)
You fail to use your ability.
The rat barely misses you.
Gastronok waves his eye-stalks in wide circles.
The air twists around and strikes you!
You die...

# ##...# .
##.....#
...##.......#
.....#..%....#
.#............#
#......##.....##
#.........w..!.%#
#.#.....#rp.....#
.!......#.......#
#...?.#.....##
#.....##...## #
#.#>....#### ##
#...#...# #
#.#....##.##
#..........#
#.#......###


You could see Gastronok and a rat.

Table legend:
 A = Turns spent in this place as a percentage of turns spent in the entire game.
 B = Non-inter-level travel turns spent in this place as a percentage of non-inter-level travel turns spent in the entire game.
 C = Inter-level travel turns spent in this place as a percentage of turns spent in this place.
 D = Turns resting spent in this place as a percentage of non-inter-level travel turns spent in this place.
 E = Turns spent auto-exploring this place as a percentage of non-inter-level travel turns spent in this place.
 F = Non-inter-level travel turns spent in this place divided by the number of levels of this place that you've seen.
                   A       B       C       D       E      F
               +-------+-------+-------+-------+-------+----------------------
         Total | 100.0 | 100.0 |   0.6 |   4.0 |   2.3 | 1864.9
       Dungeon | 100.0 | 100.0 |   0.6 |   4.0 |   2.3 | 1864.9
               +-------+-------+-------+-------+-------+----------------------

Table legend:
 A = Kills in this place as a percentage of kills in entire the game.
 B = Kills by you in this place as a percentage of kills by you in the entire game.
 C = Kills by friends in this place as a percentage of kills by friends in the entire game.
 D = Other kills in this place as a percentage of other kills in the entire game.
 E = Experience gained in this place as a percentage of experience gained in the entire game.
 F = Experience gained in this place divided by the number of levels of this place that you have seen.
                   A       B       C       D       E      F
               +-------+-------+-------+-------+-------+----------------------
         Total | 100.0 | 100.0 |  -nan |  -nan | 100.0 | 570.4
       Dungeon | 100.0 | 100.0 |  -nan |  -nan | 100.0 | 570.4
               +-------+-------+-------+-------+-------+----------------------

Vanquished Creatures
  Prince Ribbit (D:7)
  The ghost of Sharkman1231 the Grave Robber, an average HuNe (D:4)
  Eustachio (D:8)
  A hungry ghost (D:5)
  2 sky beasts
  An ice beast (D:6)
  An ogre (D:4)
  A phantom (D:6)
  2 centaurs (D:5)
  3 giant frogs
  5 scorpions
  A goliath beetle (D:6)
  2 giant frog zombies
  7 crimson imps
  2 orc priests
  6 iguanas
  3 hounds
  A jelly (D:5)
  A quasit (D:7)
  A giant frog skeleton (D:6)
  2 orc wizards (D:6)
  12 worker ants
  2 centaur skeletons (D:7)
  2 hound skeletons
  3 worker ant zombies
  4 gnolls (D:6)
  14 adders
  A river rat (D:3)
  3 giant mites
  A shadow imp (D:7)
  5 worms
  9 giant geckos
  2 oozes
  17 orcs
  16 bats
  2 bat skeletons (D:4)
  2 giant cockroaches
  12 goblins
  15 hobgoblins
  8 kobolds
  3 ball pythons
  5 giant newts
  11 jackals
  8 quokkas
  16 rats
218 creatures vanquished.

Notes
Turn   | Place    | Note
--------------------------------------------------------------
     0 | D:1      | gw, the Human Wizard, began the quest for the Orb.
     0 | D:1      | Reached XP level 1. HP: 13/13 MP: 4/4
   365 | D:1      | Reached XP level 2. HP: 19/19 MP: 3/6
   919 | D:1      | Reached XP level 3. HP: 24/24 MP: 4/8
  1166 | D:1      | Reached skill level 1 in Armour
  2017 | D:2      | Reached XP level 4. HP: 19/31 MP: 0/9
  2358 | D:2      | Reached skill level 1 in Fighting
  2464 | D:2      | Reached skill level 1 in Short Blades
  3239 | D:2      | Reached XP level 5. HP: 33/37 MP: 3/11
  5311 | D:3      | Reached XP level 6. HP: 44/44 MP: 8/13
  5609 | D:3      | Learned a level 1 spell: Magic Dart
  5808 | D:4      | Noticed Sharkman1231's ghost (average HuNe)
  5851 | D:4      | HP: 2/44 [Sharkman1231's ghost (7)]
  5853 | D:4      | Killed Sharkman1231's ghost
  5853 | D:4      | Reached skill level 4 in Spellcasting
  5853 | D:4      | Reached XP level 7. HP: 2/51 MP: 0/17
  6287 | D:4      | Found a shattered altar of Ashenzari.
  6301 | D:4      | Found a blossoming altar of Fedhas.
  6330 | D:4      | Found a bloodstained altar of Trog.
  6445 | D:4      | HP: 1/51 [orc priest/short sword (5)]
  6768 | D:4      | Found a radiant altar of Vehumet.
  6791 | D:4      | Found a glowing silver altar of Zin.
  6795 | D:4      | Became a worshipper of Zin the Law-Giver
  6795 | D:4      | Acquired Zin's first power
  7783 | D:4      | Gained mutation: You are dopey. (Int -2) [potion of mutation]
  7921 | D:5      | Entered Level 5 of the Dungeon
  7930 | D:5      | Reached XP level 8. HP: 14/58 MP: 9/18
  8662 | D:5      | Noticed a hungry ghost
  8670 | D:5      | Killed a hungry ghost
  8670 | D:5      | Reached skill level 5 in Spellcasting
  8670 | D:5      | Reached skill level 5 in Conjurations
  9641 | D:5      | Acquired Zin's second power
  9765 | D:5      | Reached XP level 9. HP: 63/65 MP: 14/21
 10568 | D:6      | Found a staircase to the Ecumenical Temple.
 11064 | D:6      | Reached skill level 6 in Conjurations
 11756 | D:6      | Reached skill level 5 in Armour
 13154 | D:7      | Noticed Prince Ribbit
 13163 | D:7      | Killed Prince Ribbit
 13163 | D:7      | Reached skill level 5 in Short Blades
 13409 | D:7      | Reached XP level 10. HP: 69/73 MP: 7/24
 13584 | D:7      | Acquired Zin's third power
 13997 | D:7      | Found a burning altar of Makhleb.
 14703 | D:8      | Noticed Eustachio
 14735 | D:8      | Killed Eustachio
 14735 | D:8      | Reached skill level 5 in Fighting
 15122 | D:8      | Noticed Gastronok
 15137 | D:8      | Killed from afar by Gastronok

Action                   |  1- 3 |  4- 6 |  7- 9 | 10-12 || total
-------------------------+-------+-------+-------+-------++-------
Melee: Dagger            |    21 |    38 |     1 |     3 ||    63
Throw: Stone             |    16 |     9 |     9 |       ||    34
       Javelin           |       |       |     4 |       ||     4
 Cast: Magic Dart        |    84 |   195 |   534 |   106 ||   919
Invok: Vitalisation      |       |       |       |    12 ||    12
Evoke: Wand              |       |     1 |       |       ||     1
  Use: Scroll            |     3 |     7 |     5 |       ||    15
       Potion            |     1 |     4 |     5 |       ||    10
  Eat: Chunk             |     3 |    11 |    11 |     4 ||    29
       Bread ration      |       |       |     3 |       ||     3

Vault maps used:
D:1:      evilmike_arrival_rings
D:2:      kennysheep_generic_room_15
D:3:      portal_sewer_entry_e
D:4:      nicolae_overflow_quartered_altars, nicolae_overflow_hidden_temple,
          bloody_trog
D:5:      first_bread
D:6:      minmay_temple_entry_water_ring
D:7:      lightli_temple_of_fire, uniq_prince_ribbit1
D:8:      lemuel_doored_altar, hangedman_tree_tricks,
          wad_floor_pattern_untrapped, lightli_orcish_oven, uniq_duvessa,
          uniq_eustachio, uniq_gastronok
